 Dungeon Crawl Stone Soup version 0.26-a0-808-g930a2b7adc (console) character file.

Game seed: 5315617742900811490

3 Ignak the Insei (level 1, -4/17 HPs)
             Began as a Gnoll Transmuter on Nov 12, 2020.
             Slain by a gnoll
             ... wielding a +1 antimagic halberd
              (11 damage)
             ... on level 1 of the Dungeon.
             The game lasted 00:00:22 (246 turns).

Ignak the Insei (Gnoll Transmuter)                   Turns: 246, Time: 00:00:23

Health: -4/17      AC:  2    Str: 12    XL:     1   Next: 50%
Magic:  2/6        EV: 14    Int: 15    God:
Gold:   26         SH:  0    Dex: 15    Spells: 8/9 levels left

rFire    . . .     SeeInvis .   d - +0 club
rCold    . . .     Faith    .   (no shield)
rNeg     . . .     Spirit   .   a - +0 robe
rPois    .         Reflect  .   (helmet currently unavailable)
rElec    .         Harm     .   (no cloak)
rCorr    .         Rampage  .   (no gloves)
MR       .....                  (boots currently unavailable)
Stlth    +.........             (no amulet)
HPRegen  0.05/turn              (no ring)
MPRegen  0.10/turn              (no ring)

@: appendages (expiring)
A: distributed training, fangs 1, horns 2, talons 2, strong nose
a: End Transformation


You were on level 1 of the Dungeon.
You had grown temporary horns.
You had grown temporary talons.
You visited 1 branch of the dungeon, and saw 1 of its levels.

You collected 26 gold pieces.

Inventory:

Hand Weapons
 d - a +0 club (weapon)
Armour
 a - a +0 robe (worn)
Scrolls
 b - a scroll of teleportation {unknown}
 c - a scroll of remove curse {unknown}
 e - a scroll of immolation {unknown}
 f - a scroll of enchant weapon {unknown}


   Skills:
 + Level 2.3 Fighting
 + Level 0.0 Short Blades
 + Level 0.0 Long Blades
 + Level 0.0 Axes
 + Level 0.0 Maces & Flails
 + Level 0.0 Polearms
 + Level 0.0 Staves
 + Level 0.0 Slings
 + Level 0.0 Bows
 + Level 0.0 Crossbows
 + Level 0.0 Throwing
 + Level 0.0 Armour
 + Level 4.4 Dodging
 + Level 0.0 Stealth
 + Level 0.0 Shields
 + Level 6.4 Unarmed Combat
 + Level 4.8 Spellcasting
 + Level 0.0 Conjurations
 + Level 0.0 Hexes
 + Level 0.0 Summonings
 + Level 0.0 Necromancy
 + Level 0.0 Translocations
 + Level 3.6 Transmutations
 + Level 0.0 Fire Magic
 + Level 0.0 Ice Magic
 + Level 0.0 Air Magic
 + Level 0.0 Earth Magic
 + Level 0.0 Poison Magic
 + Level 0.1 Invocations
 + Level 0.0 Evocations


You had 8 spell levels left.
You knew the following spells:

 Your Spells              Type           Power        Failure   Level
z - Beastly Appendage     Tmut           ##....       3%          1

Your spell library contained the following spells:

 Spells                   Type           Power        Failure   Level
 Wereblood                Tmut           ##......     5%          2
 Spider Form              Tmut/Pois      #.........   24%         3
 Ice Form                 Ice/Tmut       #.......     61%         4
 Blade Hands              Tmut           ##........   71%         5


Dungeon Overview and Level Annotations

Branches:
Dungeon (1/15)

Altars:


Innate Abilities, Weirdness & Mutations

Your experience applies equally to all skills.
You have very sharp teeth.
Your uncanny sense of smell can sniff out nearby items.
You have a pair of horns on your head.
You have razor-sharp toenails.


Message History

The gnoll hits you from afar with a +1 antimagic halberd.
You feel your power leaking away.
Casting: Beastly Appendage (safe; 3% risk of failure)
Confirm with . or Enter, or press ? or * to list all spells.
You grow a pair of large bovine horns.
Your feet morph into talons.
The ooze quivers.
The gnoll completely misses you.
You see here a robe.
The gnoll completely misses you.
You closely miss the kobold. Your kick misses the kobold.
The kobold hits you with a +0 short sword.
You hit the kobold but do no damage. You claw the kobold.
The kobold is severely wounded.
The gnoll closely misses you. The kobold barely misses you.
You barely miss the kobold. You claw the kobold.
You kill the kobold!
Your transformation is almost over.
The gnoll hits you from afar with a +1 antimagic halberd!
Ouch! That really hurt!
You die...

########## #......!.#
#........# ##### #........#
##### #....
#.......g########...###....
#......Jg)@.....'...'.'....
#.....$##########...###....
+...... ##### #.... #......
#.... ###>... +.... ..####
#.... ... ##### ..


You could see a gnoll, an ooze and a goblin.

Vanquished Creatures
  A goblin (D:1)
  A frilled lizard (D:1)
  2 kobolds (D:1)
4 creatures vanquished.

Notes
Turn   | Place    | Note
-------+----------+-------------------------------------------
     0 | D:1      | Ignak the Gnoll Transmuter began the quest for the Orb.
     0 | D:1      | Reached XP level 1. HP: 17/17 MP: 6/6
   246 | D:1      | Slain by a gnoll

Illustrated notes

Levels and vault maps discovered:
D:1:      zelgadis_glass_arrival_large, layout_basic

Action                   || total
-------------------------++-------
Melee: Club              ||    10
       Unarmed           ||     4
       Kick              ||     3
       Headbutt          ||     1
       Bite              ||     1
 Cast: Beastly Appendage ||     4
Armor: Robe              ||     2
Dodge: Dodged            ||     9

Table legend: (Time is in decaauts)
 A = Elapsed time spent in this place.
 B = Non-inter-level travel time spent in this place.
 C = Inter-level travel time spent in this place.
 D = Time resting spent in this place.
 E = Time spent auto-exploring this place.
 F = Levels seen in this place.
 G = Mean time per level.
                   A        B        C        D        E       F      G
               +--------+--------+--------+--------+--------+-----+--------+
         Total |    247 |    247 |      0 |      0 |    185 |   1 |  247.0 |
       Dungeon |    247 |    247 |      0 |      0 |    185 |   1 |  247.0 |
               +--------+--------+--------+--------+--------+-----+--------+

Top non-repeatable levels by time:
     D:1: 247 daAuts
